 Dungeon Crawl Stone Soup version 0.25.1-2-g60ff931df9 (webtiles) character file.

Game seed: 5563116459238431626

95 funkygono the Skirmisher (level 4, -4/38 HPs)
             Began as a Formicid Abyssal Knight on Dec 5, 2020.
             Was a Priest of Lugonu.
             Killed from afar by an orc wizard (9 damage)
             ... with a puff of frost
             ... on level 4 of the Dungeon.
             The game lasted 00:06:29 (3008 turns).

funkygono the Skirmisher (Formicid Abyssal Knight)  Turns: 3008, Time: 00:06:30

Health: -4/38      AC:  3    Str: 18    XL:     4   Next: 95%
Magic:  4/5        EV: 11    Int: 11    God:    Lugonu [***...]
Gold:   98         SH:  0    Dex: 10    Spells: 3/3 levels left

rFire    . . .     SeeInvis +   a - +1 mace
rCold    . . .     Gourm    .   (no shield)
rNeg     . . .     Faith    .   f - +0 leather armour
rPois    .         Spirit   .   (helmet unavailable)
rElec    .         Reflect  .   (no cloak)
rCorr    .         Harm     .   (no gloves)
MR       .....                  (no boots)
Stlth    ++........             (no amulet)
HPRegen  0.12/turn              o - ring of stealth
MPRegen  0.09/turn              (no ring)

@: no status effects
A: permanent stasis, dig shafts and tunnels, four strong arms, antennae 3
a: Dig, Shaft Self, Depart the Abyss, Bend Space, Banish, Renounce Religion


You were on level 4 of the Dungeon.
You worshipped Lugonu.
Lugonu was most pleased with you.
You were not hungry.

You visited 1 branch of the dungeon, and saw 4 of its levels.
You visited the Abyss 1 time.

You collected 98 gold pieces.

Inventory:

Hand Weapons
 a - a +1 mace (weapon)
 b - a +0 hunting sling
Missiles
 e - 178 stones (quivered)
 h - 16 bolts
 p - 29 arrows
Armour
 d - a +0 scale mail
 f - a +0 leather armour (worn)
 g - a +0 chain mail
Jewellery
 o - a ring of stealth (left hand)
Wands
 s - a wand of acid (9)
Scrolls
 k - 3 scrolls of remove curse
Potions
 i - a potion of might
 j - a potion of magic
 l - a potion of heal wounds
 q - a potion of invisibility {unknown}
Comestibles
 c - 7 rations
 r - 2 chunks of flesh


   Skills:
 + Level 4.5 Fighting
 + Level 2.8 Maces & Flails
 + Level 1.1 Slings
 + Level 2.6 Armour
 + Level 1.2 Dodging
 + Level 0.2 Stealth
 * Level 2.5 Invocations


You had 3 spell levels left.
You didn't know any spells.
Your spell library was empty.

Dungeon Overview and Level Annotations

Branches:
Dungeon (4/15)
 Temple: D:4-7

Altars:
Trog


Innate Abilities, Weirdness & Mutations

You cannot be hasted, slowed, berserked, paralysed or teleported.
You can dig through walls and to a lower floor.
Your four strong arms can wield two-handed weapons with a shield.
You have a pair of large antennae on your head. (SInv)


Message History

You hit the orc wizard.
The orc wizard is lightly wounded.
The orc wizard gestures at you while chanting.
The magic dart hits the orc wizard.
The orc wizard hits you with a +0 dagger.
The orc throws a boomerang.
The boomerang barely misses the orc wizard.
The boomerang hits you.
* * * LOW HITPOINT WARNING * * *
The orc wizard hits you with a +0 dagger.
* * * LOW HITPOINT WARNING * * *
You closely miss the orc wizard.
The orc wizard is heavily wounded.
The orc wizard hits you with a +0 dagger.
* * * LOW HITPOINT WARNING * * *
The orc wizard hits you but does no damage.
Space bends around you!
You blink.
The orc wizard points at you and mumbles some strange words.
The puff of frost hits you!
You die...

#
####(####.
#o@o......
#o#o...#..
#ยง####.#
#.# .#
#.###
#.<.#
###.##
#..# ##<#


You could see an orc priest, 2 orc wizards and an orc.

Vanquished Creatures
  3 adders
  A dart slug (D:2)
  2 leopard geckos (D:2)
  3 orcs
  A ball python (D:2)
  5 bats
  2 giant cockroaches
  10 goblins
  6 hobgoblins
  8 kobolds
  18 frilled lizards
  3 rats
62 creatures vanquished.

Notes
Turn   | Place    | Note
-------+----------+-------------------------------------------
     0 | Abyss:1  | funkygono the Formicid Abyssal Knight began the quest for
                  | the Orb.
     0 | Abyss:1  | Reached XP level 1. HP: 18/18 MP: 2/2
    11 | D:1      | Escaped the Abyss
   187 | D:1      | Reached XP level 2. HP: 25/25 MP: 3/3
   378 | D:1      | Reached skill level 4 in Fighting
   415 | D:1      | Reached ** piety under Lugonu
   492 | D:1      | Reached XP level 3. HP: 16/30 MP: 4/4
  1414 | D:2      | Reached XP level 4. HP: 36/38 MP: 5/5
  1475 | D:2      | Reached skill level 1 in Dodging
  2726 | D:3      | Found a bloodstained altar of Trog.
  2739 | D:3      | Reached skill level 1 in Slings
  3004 | D:4      | Reached *** piety under Lugonu
  3008 | D:4      | Killed from afar by an orc wizard

Illustrated notes

Levels and vault maps discovered:
D:1:      lightli_iron_boxes, layout_basic, minmay_lizard_pond
D:2:      layout_rooms, first_ration, st_stairs_1, hangedman_decor_growths
D:3:      layout_rooms, dk_noncrumbling_2, trog_butcher_becter
D:4:      layout_rooms, hangedman_glass_teeth, uniq_sigmund

Skill      XL: |  1  2  3  4 |
---------------+-------------+-----
Fighting       | 4 |  4.5
Dodging        | 1 |  1.2
Slings         | 1 |  1.1
Maces & Flails | |  2.8
Armour         | |  2.6
Stealth        | |  0.2
Invocations    | |  2.5

Action                   |  1- 3 |  4- 6 || total
-------------------------+-------+-------++-------
Melee: Mace              |   124 |    69 ||   193
 Fire: Hunting sling     |       |    12 ||    12
Invok: Bend Space        |       |     1 ||     1
 Abil: Dig               |     1 |       ||     1
  Use: Scroll            |     2 |     5 ||     7
  Eat: Chunk             |     2 |     5 ||     7
Armor: Leather armour    |    38 |    29 ||    67
Dodge: Dodged            |    68 |    55 ||   123
